 Dungeon Crawl Stone Soup version 0.29.0-5-ge4962eb29e (webtiles) character file.

Game seed: 17477144910536095034

33 xian the Trooper (level 3, -1/48 (51) HPs)
             Began as a Naga Fighter on Aug 28, 2022.
             Was a Follower of Trog.
             Slain by an orc priest
             ... wielding a +0 short sword
              (5 damage)
             ... on level 3 of the Dungeon.
             The game lasted 00:04:13 (2369 turns).

xian the Trooper (Naga Fighter)                     Turns: 2369, Time: 00:04:14

HP:   -1/48 (51)    AC:  4    Str: 20    XL:     3   Next: 29%
MP:   3/3           EV:  7    Int:  8    God:    Trog [*.....]
Gold: 157           SH:  5    Dex: 16    Spells: 2/2 levels left

rFire   . . .      SeeInvis +   a - +0 trident
rCold   . . .      Faith    .   c - +0 buckler
rNeg    . . .      Spirit   .   b - +0 scale mail
rPois   +          Reflect  .   (no helmet)
rElec   .          Harm     .   (no cloak)
rCorr   .          Rampage  .   (no gloves)
Will    .....                   (no barding)
Stlth   ..........              (no amulet)
HPRegen 0.16/turn               p - +6 ring of dexterity
MPRegen 0.08/turn               (no ring)

@: berserking, drained, quick
A: AC +1, large, see invisible, deformed body, poison resistance, slowness 2,
spit poison 1, naga tail 1
a: Spit Poison, Renounce Religion, Berserk


You were on level 3 of the Dungeon.
You worshipped Trog.
Trog was aware of your devotion.
You visited 1 branch of the dungeon, and saw 3 of its levels.

You collected 187 gold pieces.
You spent 30 gold pieces at shops.

Inventory:

Hand Weapons
 a - a +0 trident (weapon)
Armour
 b - a +0 scale mail (worn)
 c - a +0 buckler (worn)
Jewellery
 p - a +6 ring of dexterity (left hand)
Scrolls
 e - a scroll of noise {unknown}
 f - a scroll of teleportation
 h - a scroll of enchant weapon {unknown}
 i - a scroll of blinking {unknown}
 k - a scroll of immolation {unknown}
 l - 3 scrolls of enchant armour {unknown}
 n - 2 scrolls of identify {unknown}
 q - 3 scrolls of torment {unknown}
Potions
 d - a potion of might
 g - a potion of magic {unknown}
 j - a potion of brilliance {unknown}
 m - a potion of attraction {unknown}
 o - a potion of curing {unknown}


   Skills:
 + Level 3.4 Fighting
 + Level 2.2 Polearms
 + Level 2.8 Armour
 + Level 0.1 Dodging
 + Level 2.9 Shields


You had 2 spell levels left.
You didn't know any spells.
Your spell library was empty.

Dungeon Overview and Level Annotations

Branches:
Dungeon (3/15)

Altars:
Trog
Xom

Shops:
D:1 *


Innate Abilities, Weirdness & Mutations

Your serpentine skin is tough. (AC +1)
You have supernaturally acute eyesight. (SInv)
Armour fits poorly on your strangely shaped body.
Your system is resistant to poisons. (rPois)
You cover ground very slowly.
You can spit poison.
You have a snake-like lower body.


Message History

q - 3 scrolls labelled ANWURUE UNAH
Found a stone staircase leading up.
You open the door.
An orc priest and an orc come into view.
The orc is wielding a +2 flail of draining.
The orc priest shouts!
The orc shouts!
You hear a shout! x2
Found 42 gold pieces.
Found a roughly hewn altar of Beogh.
The splash of poison misses the orc priest.
An orc, an orc wizard and an orc priest come into view.
The orc wizard is wielding a +1 dagger of electrocution.
Found 9 gold pieces.
The orc shouts!
The orc wizard shouts!
The orc wizard hits you with a +1 dagger of electrocution.
The orc priest invokes the aid of Beogh against you.
Pain shoots through your body!
There is an open door here.
A red film seems to cover your vision as you go berserk!
You feel yourself moving faster!
You feel mighty!
The orc hits you with a +2 flail of draining!
You feel drained.
The orc wizard hits you with a +1 dagger of electrocution.
You are electrocuted!
The orc priest calls down the wrath of Beogh upon you.
You barely resist. You puncture the orc wizard!
The orc wizard is heavily wounded.
Unknown command.
You closely miss the orc wizard.
The orc wizard is heavily wounded.
You have got your breath back.
The orc wizard hits you with a +1 dagger of electrocution.
You are electrocuted!
* * * LOW HITPOINT WARNING * * *
The orc priest hits you with a +0 short sword.
* * * LOW HITPOINT WARNING * * *
The orc barely misses you.
You barely miss the orc wizard.
The orc wizard is heavily wounded.
The orc priest hits you with a +0 short sword.
You die...

.####<..# #..
..##..######.#
#.#..###.....#
#.#†###..#####
#.#.#...##
###.#.#.###
####.......#
#....###.###
##@### #.#


#ooo# #.. #.8o8o# #..# #$$..$# .... #$8.8.# ..... ##$_.## ..... ##### You could
see 2 orc priests, an orc wizard and 2 orcs.

Vanquished Creatures
  A worm (D:2)
  A dart slug (D:1)
  2 endoplasms
  A giant cockroach (D:2)
  A goblin (D:1)
  2 hobgoblins
  4 jackals (D:3)
  4 kobolds (D:1)
  A quokka (D:1)
  A ball python (D:1)
  4 bats (D:1)
  2 frilled lizards (D:2)
  4 rats (D:1)
28 creatures vanquished.

Notes
Turn   | Place    | Note
-------+----------+-------------------------------------------
     0 | D:1      | xian the Naga Fighter began the quest for the Orb.
     0 | D:1      | Reached XP level 1. HP: 21/21 MP: 1/1
   378 | D:1      | Reached XP level 2. HP: 28/28 MP: 2/2
   421 | D:1      | Found a faded altar of an unknown god.
   444 | D:1      | Prayed at the altar of an unknown god.
   444 | D:1      | Became a worshipper of Trog the Wrathful
   444 | D:1      | Reached * piety under Trog
   814 | D:1      | Found Siubb's General Store.
   817 | D:1      | Bought a scroll of teleportation for 30 gold pieces
  1321 | D:2      | Found a shimmering altar of Xom.
  1649 | D:2      | Reached XP level 3. HP: 34/34 MP: 3/3
  2369 | D:3      | Slain by an orc priest

Illustrated notes

Levels and vault maps discovered:
D:1:      dpeg_arrival_lava_altar, layout_basic,
          hellmonk_ecumenical_altar_pennies_from_heaven, serial_shops,
          nicolae_shop_behind_doors, serial_bayou_pond_d
D:2:      wad_lake_hut, layout_loops_ring, serial_aquarium,
          aquarium_bridge_square [aquarium_subvault_bridge,
          aquarium_subvault_bridge, aquarium_subvault_bridge,
          aquarium_subvault_wall], aquarium_window_2, aquarium_window_fake,
          aquarium_view_2a, aquarium_view_2d, basic_altar
D:3:      layout_rooms, kennysheep_orc_chapel

Action                   || total
-------------------------++-------
Melee: Trident           ||    73
Invok: Berserk           ||     2
 Abil: Spit Poison       ||    18
Armor: Scale mail        ||    56
Dodge: Dodged            ||    33
Block: Buckler           ||    20
